 Dungeon Crawl Stone Soup version 0.29.0-15-g675c0067aa (webtiles) character file.

Game seed: 12727228203061673247

128 magus244 the Poker (level 5, -7/63 HPs)
             Began as a Merfolk Chaos Knight on Sept 11, 2022.
             Was a Plaything of Xom.
             Mangled by a worm (8 damage)
             ... on level 3 of the Dungeon.
             The game lasted 00:16:01 (2373 turns).

magus244 the Poker (Merfolk Chaos Knight)           Turns: 2373, Time: 00:16:02

Health: -7/63      AC: 22    Str: 12 (14) XL:     5   Next: 11%
Magic:  5/5        EV:  2    Int: 15 (17) God:    Xom [...*..]
Gold:   63         SH:  0    Dex: 13 (14) Spells: 4/4 levels left

rFire   . . .      SeeInvis .   a - +0 spear (vorpal)
rCold   . . .      Faith    .   (no shield)
rNeg    . . .      Spirit   .   (body armour currently unavailable)
rPois   +          Reflect  .   (helmet currently unavailable)
rElec   .          Harm     .   (cloak currently unavailable)
rCorr   .          Rampage  .   (gloves currently unavailable)
Will    .....      NoTele   +   (boots currently unavailable)
Stlth   ++........              (no amulet)
HPRegen 0.20/turn               h - +6 ring of intelligence
MPRegen 0.09/turn               (no ring)

@: tree-form (expiring)
A: stationary, stasis, torment immunity, boosted hp, (nimble swimmer 2),
(mertail)
a: Renounce Religion


You were on level 3 of the Dungeon.
You worshipped Xom.
You were a favourite toy of Xom.
You were a tree.
You visited 1 branch of the dungeon, and saw 3 of its levels.

You collected 63 gold pieces.

Inventory:

Hand Weapons
 a - a +0 vorpal spear (weapon)
 f - a +2 mace of protection
Armour
 b - a +2 leather armour (melded)
 g - an orb of guile
Jewellery
 h - a +6 ring of intelligence (left branch)
Scrolls
 e - a scroll of identify
Miscellaneous
 c - a piece from Xom's chessboard (6/15) (quivered)


   Skills:
 + Level 4.2 Fighting
 + Level 5.4 Polearms
 + Level 1.5 Armour
 + Level 3.4 Dodging
 + Level 1.4 Stealth


You had 4 spell levels left.
You didn't know any spells.
Your spell library contained the following spells:

 Spells                   Type           Power      Damage    Failure   Level
 Blink                    Tloc           0%         N/A       38%         2
 Lesser Beckoning         Tloc           0%         N/A       63%         3
 Manifold Assault         Tloc           0%         N/A       100%        5


Dungeon Overview and Level Annotations

Branches:
Dungeon (3/15)

Altars:

Annotations:
D:3 Sigmund


Innate Abilities, Weirdness & Mutations

You are a tree.
Your roots penetrate the ground, keeping you stationary.
You cannot be teleported.
You are immune to unholy pain and torment.
Your maximum health is greatly increased.
Your equipment is partially melded.
((You are very nimble when in or above water. (Stealth+, EV+, Speed+++)))
((Your lower body shifts to a powerful aquatic tail in water.))


Message History

"Get over here!"
The orc blinks! x2
This spell is dangerous to cast!
Memorise Blink, consuming 2 spell levels and leaving 2?
The orc seems less confused.
Sigmund says, "I'm a little confused."
You start memorising the spell.
You continue memorising.
Sigmund seems less confused.
The orc throws a boomerang.
Your memorisation is interrupted.
The boomerang hits you.
* * * LOW HITPOINT WARNING * * *
You flicker back into view.
The orc stops glowing.
You make a move on Xom's chessboard...
The orc struggles to resist. "This is how I like it!"
You swap places with the orc.
The orc looks rather confused.
Some monsters swap places.
The orc looks rather more confused. x2
You are now a favourite toy of Xom.
The orc hits the bat with a +0 club.
The bat is killed!
The bat's corpse disappears in a puff of smoke!
Sigmund casts a spell.
Sigmund flickers and vanishes!
You make a move on Xom's chessboard...
The orc is moving more slowly.
The orc throws a boomerang.
The boomerang hits you.
* * * LOW HITPOINT WARNING * * *
Xom is highly amused!
You make a move on Xom's chessboard...
The orc is outlined in light.
Your transformation is almost over.
The orc hits itself with a +0 club.
The orc is killed!
Something bites you.
* * * LOW HITPOINT WARNING * * *
Unknown command.
You make a move on Xom's chessboard...
Nothing appears to happen.
Something bites you but does no damage.
You make a move on Xom's chessboard...
Nothing appears to happen.
Something hits you but does no damage.
You make a move on Xom's chessboard...
The orc twists and deforms.
Something bites you!
You die...

S..[ ....♣
..####...♣♣ #
...#.#..♣♣J S
#.###.....♣..♣
.#.#<.......♣
#......###.....♣♣♣.
#...#..............
#. ##...#.........
###.o.♣.......
#.....######## w
#.)...#######
#).).†......# P b .
#######..)........#
o..o
..#.............##
#o.#.#....#........#
P P
#...#...#.......## P
#.....##.#.......#


P P You could see an orc (petrified, slow, misshapen).

Vanquished Creatures
  An orc priest (D:3)
  2 gnolls
  2 adders
  A worm (D:2)
  3 orcs (D:3)
  5 ball pythons
  5 bats
  5 endoplasms
  2 giant cockroaches
  2 goblins (D:1)
  3 hobgoblins
  3 jackals (D:2)
  7 kobolds
  A quokka (D:1)
  5 frilled lizards
  8 rats
55 creatures vanquished.

Vanquished Creatures (collateral kills)
  A frilled lizard (D:1)
1 creature vanquished.

Grand Total: 56 creatures vanquished

Notes
Turn   | Place    | Note
-------+----------+-------------------------------------------
     0 | D:1      | magus244 the Merfolk Chaos Knight began the quest for the
                  | Orb.
     0 | D:1      | Reached XP level 1. HP: 18/18 MP: 1/1
    92 | D:1      | Reached XP level 2. HP: 16/24 MP: 2/2
   335 | D:1      | XOM: silly message
   447 | D:1      | Reached skill level 5 in Polearms
   447 | D:1      | Reached XP level 3. HP: 22/30 MP: 3/3
   993 | D:2      | Reached skill level 1 in Armour
  1395 | D:2      | XOM: silly message
  1459 | D:2      | Reached XP level 4. HP: 27/37 MP: 4/4
  1680 | D:2      | XOM: butterfly on damage
  1680 | D:2      | XOM: smoke on damage
  2062 | D:2      | XOM: 3-stop teleportation journey
  2121 | D:2      | XOM: cloud trail
  2306 | D:3      | Found Zaom's Armour Boutique.
  2314 | D:3      | Noticed Sigmund
  2316 | D:3      | XOM: cast spell 'Statue Form'
  2320 | D:3      | XOM: divination: detect creatures
  2345 | D:3      | Reached skill level 1 in Stealth
  2345 | D:3      | Reached XP level 5. HP: 29/42 MP: 5/5
  2348 | D:3      | XOM: potion effect (invisibility)
  2356 | D:3      | XOM: confuse monster(s)
  2360 | D:3      | XOM: summons 1 hostile shadow creature
  2363 | D:3      | XOM: blink monster(s)
  2368 | D:3      | XOM: swap monsters
  2369 | D:3      | HP: 1/63 [orc/boomerang (5)]
  2373 | D:3      | Mangled by a worm

Illustrated notes

Levels and vault maps discovered:
D:1:      dreamdust_arrival_sigmund_warning, layout_loops_ring,
          hangedman_abyss_or_decor_stabs, serial_park_tiny_pond
D:2:      layout_basic, serial_rivers, chequers_serial_rivers_small_3,
          chequers_serial_rivers_micro_a, chequers_serial_rivers_micro_b,
          chequers_serial_rivers_micro_c, chequers_serial_rivers_micro_a,
          chequers_serial_rivers_room_b, minmay_mini_jars
D:3:      layout_basic, serial_aquarium, aquarium_bridge_square
          [aquarium_subvault_wall, aquarium_subvault_bridge,
          aquarium_subvault_window, aquarium_subvault_bridge],
          aquarium_window_fake, aquarium_window_2, aquarium_view_2c,
          aquarium_balcony_3b, serial_shops, nicolae_diamond_shop,
          chequers_ecumenical_altar_grove, kennysheep_nub,
          serial_park_tiny_pond, uniq_sigmund

Skill      XL: |  1  2  3  4 |
---------------+-------------+-----
Polearms       | 5 |  5.4
Dodging        | 3 |  3.4
Armour         | 1 |  1.5
Fighting       | 4 |  4.2
Stealth        | 1 |  1.4

Action                   |  1- 3 |  4- 6 || total
-------------------------+-------+-------++-------
Melee: Spear             |   119 |    97 ||   216
Evoke: Piece from Xom's  |     1 |     9 ||    10
  Use: Potion            |     6 |     4 ||    10
       Scroll            |     2 |     2 ||     4
 Stab: Sleeping          |     1 |       ||     1
       Petrified         |       |    15 ||    15
       Invisible         |       |     1 ||     1
Armor: Leather armour    |    30 |    14 ||    44
       Skin              |       |    81 ||    81
Dodge: Dodged            |    55 |    93 ||   148
